 Dungeon Crawl Stone Soup version 0.28.0-53-g5a82cb258f (webtiles) character file.

Game seed: 18404661062292105776

12632 LustLizard the Cleaver (level 11, -3/97 HPs)
             Began as a Minotaur Berserker on July 16, 2022.
             Was a High Priest of Trog.
             Slain by Erolcha
             ... wielding a +4 giant spiked club
              (22 damage)
             ... on level 11 of the Dungeon.
             The game lasted 00:31:29 (13839 turns).

LustLizard the Cleaver (Minotaur Berserker)        Turns: 13839, Time: 00:31:30

Health: -3/97      AC: 18    Str: 25    XL:     11   Next: 65%
Magic:  10/10      EV:  8    Int:  4    God:    Trog [*****.]
Gold:   1131       SH:  0    Dex: 11    Spells: 10/10 levels left

rFire   + . .      SeeInvis .   R - +1 war axe (vorpal)
rCold   . . .      Faith    .   (no shield)
rNeg    . . .      Spirit   .   Z - +1 chain mail {rF+}
rPois   .          Reflect  .   q - +2 hat
rElec   .          Harm     .   y - +0 cloak
rCorr   +          Rampage  .   I - +0 pair of gloves
Will    ++...                   (no boots)
Stlth   ..........              T - amulet of the acrobat
HPRegen 1.26/turn               B - +4 ring of protection
MPRegen 0.12/turn               a - ring of resist corrosion

@: strong-willed, on berserk cooldown, regenerating, slowed, very slow
A: horns 2, retaliatory headbutt
a: Renounce Religion, Berserk, Trog's Hand, Brothers in Arms


You were on level 11 of the Dungeon.
You worshipped Trog.
Trog was extremely pleased with you.
You visited 1 branch of the dungeon, and saw 11 of its levels.
You also visited: Ossuary and Bailey.

You collected 1131 gold pieces.

Inventory:

Hand Weapons
 O - a +0 broad axe
 R - a +1 vorpal war axe (weapon)
Missiles
 c - 4 atropa-tipped darts
 g - 307 stones (quivered)
 n - 3 boomerangs
Armour
 q - a +2 hat (worn)
 y - a +0 cloak (worn)
 D - a +0 plate armour
 I - a +0 pair of gloves (worn)
 U - a +1 kite shield of poison resistance
 Z - a +1 chain mail of fire resistance (worn)
Jewellery
 a - a ring of resist corrosion (right hand)
 j - a ring of protection from cold
 B - a +4 ring of protection (left hand)
 C - a +6 ring of dexterity
 H - a ring of positive energy
 J - a ring of flight
 T - an amulet of the acrobat (around neck)
Wands
 d - a wand of paralysis (2)
 k - a wand of iceblast (4)
 G - a wand of polymorph (19)
 W - a wand of flame (22)
Scrolls
 b - 2 scrolls of immolation
 f - 6 scrolls of blinking
 m - a scroll of magic mapping {unknown}
 o - 4 scrolls of enchant weapon
 p - a scroll of vulnerability {unknown}
 r - 2 scrolls of amnesia {unknown}
 s - 8 scrolls of teleportation
 t - 4 scrolls of fear
 u - a scroll of holy word
 K - a scroll of summoning {unknown}
 L - 3 scrolls of enchant armour
Potions
 e - 2 potions of might
 h - 5 potions of lignification
 l - 6 potions of flight
 v - 3 potions of resistance
 w - a potion of invisibility
 x - 3 potions of curing
 z - 2 potions of cancellation
 A - 4 potions of heal wounds
 E - a potion of ambrosia
 M - 3 potions of mutation
 P - a potion of haste
 Q - a potion of magic
Miscellaneous
 Y - a box of beasts


   Skills:
 + Level 9.4 Fighting
 * Level 12.6 Axes
 * Level 9.9 Throwing
 - Level 2.4 Armour
 - Level 2.1 Dodging
 * Level 3.4 Shields
 * Level 8.8 Evocations


You had 10 spell levels left.
You didn't know any spells.
Your spell library was empty.

Dungeon Overview and Level Annotations

Branches:
Dungeon (11/15)            Temple (0/1) D:6             Orc (0/2) D:11
Ossuary (visited)          Bailey (visited)
   Lair: D:8-11

Altars:
Dithmenos
Elyvilon
Nemelex Xobeh
Qazlal
Ru
Sif Muna
Zin
The Shining One

Shops:
D:9 ?

Annotations:
D:9 2 transporters, jiml777's ghost, novice GnAE
D:11 exclusion: ice statue, Erolcha


Innate Abilities, Weirdness & Mutations

You have a pair of horns on your head.
You reflexively headbutt those who attack you in melee.


Message History

You slash the troll zombie!
You destroy the troll zombie!
Trog accepts your kill.
You slash the hobgoblin zombie!
You destroy the hobgoblin zombie!
Trog accepts your kill.
No target in view!
Erolcha the Cunning comes into view.
She is wielding a +4 giant spiked club.
Erolcha shouts!
Your skin crawls.
You feel strong-willed.
Erolcha casts a spell.
Erolcha blinks!
Erolcha gestures wildly while chanting.
Erolcha flickers and vanishes!
Deactivating autopickup; reactivate with Ctrl-A.
Something hits you!
You hit something. You headbutt something. Something hits you!!
You hit something but do no damage. Your headbutt misses something.
Something hits you!!
* * * LOW HITPOINT WARNING * * *
A red film seems to cover your vision as you go berserk!
You feel yourself moving faster!
You feel mighty!
You hear some strange, mumbled words.
You feel a strong urge to attack something.
You feel your anger nearly subside.
You are no longer berserk.
You are exhausted.
You feel yourself slow down. Something misses you. Something misses you.
You miss something. Your headbutt misses something.
Something hits you but does no damage.
You hit something. Your headbutt misses something.
Something hits you but does no damage.
You closely miss something. Something hits you! x2
* * * LOW HITPOINT WARNING * * *
You slice something!! Something hits you.
* * * LOW HITPOINT WARNING * * *
You completely miss something. Something hits you!!
You die...

#≈##.....#.......(.# #....... #
$)#§... #......(..# #.......
≈[8[≈≈.. #.........# #.......
#[![#≈.####....8....# #.....<.
##≈##..#..####..[#### #.......
.≈≈≈.......)........######.......
....................#............
.......#........{...#............
.......#########@...#............
#...................#............
....................#............
....................#............
....................#.........)..
...............########.....####.
################......#.....#....
......................#.....#....
......................#.....#....


There were no monsters in sight!

Vanquished Creatures
  An orc warlord (Bailey)
  2 two-headed ogres
  An ugly thing (D:11)
  Maurice (D:8)
  Psyche (D:8)
  Grinder (D:5)
  A shadow (D:9)
  A wraith (D:9)
  7 yaks
  2 steam dragons
  A two-headed ogre zombie (D:11)
  A water moccasin (D:5)
  2 acid dragons
  3 ice beasts
  A black bear (D:5)
  16 orc warriors
  5 ogres
  3 centaurs
  3 phantoms (D:11)
  An elf zombie (D:4)
  A kobold brigand (D:8)
  A bullfrog (D:7)
  A wyvern zombie (D:9)
  2 scorpions
  A water moccasin zombie (D:6)
  2 elf skeletons (D:4)
  17 killer bees
  2 troll zombies (D:11)
  A howler monkey (D:8)
  12 wights (D:7)
  2 electric eels (D:8)
  3 centaur zombies
  2 jellies
  7 orc priests
  5 hounds
  2 bullfrog skeletons (D:5)
  A human zombie (D:4)
  A bullfrog zombie (D:6)
  A gnoll shaman (D:7)
  3 human skeletons (D:4)
  Terence (D:2)
  2 iguanas
  15 orc wizards
  5 ogre zombies (D:11)
  8 mummies (Ossuary)
  A howler monkey zombie (D:8)
  Robin (D:4)
  4 adders
  11 gnolls
  2 ufetubi
  2 worms
  7 dart slugs (D:5)
  50 orcs
  6 ball pythons
  9 bats
  6 endoplasms
  4 giant cockroaches
  24 goblins
  23 hobgoblins
  2 jackals (D:1)
  11 kobolds
  7 quokkas
  7 frilled lizards
  2 gnoll zombies (Ossuary)
  A goblin skeleton (D:11)
  A goblin zombie (D:11)
  A hobgoblin skeleton (D:11)
  3 hobgoblin zombies
  A kobold zombie (Ossuary)
  5 orc skeletons
  22 orc zombies
  3 rats
368 creatures vanquished.

Vanquished Creatures (collateral kills)
  2 orc knights (Bailey)
  A goblin (Bailey)
3 creatures vanquished.

Vanquished Creatures (others)
  An iguana (D:6)
  3 plants (D:5)
4 creatures vanquished.

Grand Total: 375 creatures vanquished

Notes
Turn   | Place    | Note
-------+----------+-------------------------------------------
     0 | D:1      | LustLizard the Minotaur Berserker began the quest for the
                  | Orb.
     0 | D:1      | Reached XP level 1. HP: 19/19 MP: 0/0
    44 | D:1      | Reached skill level 4 in Axes
    57 | D:1      | Reached XP level 2. HP: 24/27 MP: 1/1
   172 | D:1      | Found a faded altar of an unknown god.
   401 | D:1      | Reached ** piety under Trog
   402 | D:1      | Reached XP level 3. HP: 33/33 MP: 2/2
  1103 | D:2      | Noticed Terence
  1116 | D:2      | Killed Terence
  1117 | D:2      | Reached skill level 5 in Axes
  1117 | D:2      | Reached skill level 1 in Throwing
  1117 | D:2      | Reached XP level 4. HP: 41/41 MP: 3/3
  1937 | D:3      | Reached skill level 1 in Evocations
  2035 | D:3      | Reached XP level 5. HP: 46/47 MP: 4/4
  2126 | D:3      | Found a sparkling altar of Nemelex Xobeh.
  2160 | D:3      | Found a shadowy altar of Dithmenos.
  2212 | D:4      | Reached *** piety under Trog
  2273 | D:4      | Noticed Robin
  2276 | D:4      | Killed Robin
  2417 | D:4      | Reached XP level 6. HP: 46/55 MP: 5/5
  2433 | D:4      | Reached skill level 6 in Axes
  2444 | D:4      | Found a sand-covered staircase.
  2453 | Ossuary  | Entered an ossuary
  2478 | Ossuary  | Reached skill level 5 in Fighting
  2487 | Ossuary  | Reached **** piety under Trog
  2914 | D:4      | Reached XP level 7. HP: 47/61 MP: 6/6
  3047 | D:4      | Found a white marble altar of Elyvilon.
  3102 | D:4      | Found a shimmering blue altar of Sif Muna.
  3129 | D:4      | Found a sacrificial altar of Ru.
  3270 | D:4      | Found a stormy altar of Qazlal.
  3393 | D:4      | Reached skill level 7 in Axes
  3678 | D:5      | Entered Level 5 of the Dungeon
  3820 | D:5      | Reached XP level 8. HP: 59/70 MP: 7/7
  4078 | D:5      | Reached skill level 5 in Throwing
  4222 | D:5      | Noticed Grinder
  4233 | D:5      | Killed Grinder
  4234 | D:5      | Reached skill level 8 in Axes
  4700 | D:5      | Reached skill level 5 in Evocations
  5145 | D:6      | Reached XP level 9. HP: 61/78 MP: 8/8
  5369 | D:6      | Found a glowing silver altar of Zin.
  5555 | D:6      | Reached skill level 9 in Axes
  5660 | D:6      | Noticed a seven-headed hydra
  6243 | D:6      | Noticed a two-headed ogre
  6250 | D:6      | Killed a two-headed ogre
  6767 | D:6      | Found a staircase to the Ecumenical Temple.
  6850 | D:7      | Found a glowing golden altar of the Shining One.
  7150 | D:7      | Reached skill level 10 in Axes
  7759 | D:7      | Reached ***** piety under Trog
  8007 | D:7      | Reached XP level 10. HP: 87/87 MP: 9/9
  8265 | D:8      | Noticed Psyche
  8301 | D:8      | Killed Psyche
  8460 | D:8      | Noticed Maurice
  8488 | D:8      | Killed Maurice
  9326 | D:9      | Found a transporter.
  9329 | D:9      | Noticed jiml777's ghost (novice GnAE)
  9330 | D:9      | Found a transporter.
  9362 | D:9      | Received a gift from Trog
  9444 | D:9      | Reached skill level 11 in Axes
  9570 | D:9      | Found a flagged portal.
  9619 | Bailey   | Entered a bailey
 10483 | Bailey   | Noticed an orc knight
 10483 | Bailey   | Noticed an orc warlord
 10483 | Bailey   | Noticed an orc knight
 10518 | Bailey   | Killed an orc knight
 10521 | Bailey   | Killed an orc knight
 10528 | Bailey   | Killed an orc warlord
 10529 | Bailey   | Reached XP level 11. HP: 95/95 MP: 10/10
 10863 | D:9      | Noticed a boulder beetle
 10946 | D:9      | Reached skill level 12 in Axes
 11103 | D:9      | Found Kuon's Magic Scroll Shoppe.
 11267 | D:9      | Acquired a +1 kite shield of poison resistance
 11488 | D:9      | Reached skill level 1 in Shields
 11599 | D:9      | Found the +8 arc blade {discharge, rElec}
 11764 | D:10     | Entered Level 10 of the Dungeon
 12456 | D:10     | Noticed a two-headed ogre
 12460 | D:10     | Killed a two-headed ogre
 13248 | D:11     | Noticed a brown ugly thing
 13256 | D:11     | Killed a brown ugly thing
 13477 | D:11     | Found a staircase to the Orcish Mines.
 13494 | D:11     | Received a gift from Trog
 13817 | D:11     | Noticed Erolcha
 13839 | D:11     | Slain by Erolcha

Illustrated notes

Levels and vault maps discovered:
D:1:      dpeg_arrival_arbitrary_b, layout_basic,
          hellmonk_ecumenical_altar_lost_god
D:2:      layout_basic, uniq_terence
D:3:      layout_rooms, mainiacjoe_overflow_two_lobes, serial_park_tiny_2
D:4:      layout_basic, nicolae_overflow_quartered_altars,
          nicolae_ossuary_entry_catacombs, uniq_robin, uniq_blork_the_orc
D:5:      kennysheep_slugbush, layout_basic, serial_bayou_ford_a,
          grunt_decor_arrowhead, uniq_grinder
D:6:      minmay_cornered_nines, layout_loops_ring, lemuel_crystal_altar,
          lemuel_temple_firewalk_a, chequers_decorated_corner
D:7:      layout_basic, mainiacjoe_overflow_tiny_flanked,
          kennysheep_decorative_pillar, grunt_ministairs_3
D:8:      statuecave_lemuel, layout_rooms, uniq_psyche, uniq_maurice
D:9:      layout_irregular_city, gammafunk_ghost_arena, serial_shops,
          nicolae_shop_window_shopping, enter_bailey_2, dk_noncrumbling_3,
          lemuel_flamethrower_hall
D:10:     layout_basic
D:11:     layout_grid_maze, erik_lair_orcish_takeover, zombieorc2_lemuel,
          moated_statue, chequers_hall_statues_corner_a, minivault_15,
          uniq_erica, uniq_urug, uniq_erolcha

Skill      XL: |  1  2  3  4  5  6  7  8  9 10 11 |
---------------+----------------------------------+-----
Axes           | 4 5 6 7 8 10 11 12 | 12.6
Fighting       | 4 5 6 7 8 9 |  9.4
Throwing       | 1 2 3 4 5 7 9 |  9.9
Evocations     | 1 2 3 5 6 8 |  8.8
Shields        | 3 |  3.4
Armour         | |  2.4
Dodging        | |  2.1

Action                   |  1- 3 |  4- 6 |  7- 9 | 10-12 || total
-------------------------+-------+-------+-------+-------++-------
Melee: Hand axe          |    64 |   172 |   213 |   261 ||   710
       Headbutt          |     8 |    27 |    49 |    75 ||   159
       Punch             |       |     2 |     3 |     7 ||    12
       War axe           |       |       |       |   116 ||   116
Throw: Stone             |     6 |    35 |   181 |   119 ||   341
       Boomerang         |       |       |    14 |     6 ||    20
Invok: Berserk           |     1 |       |     1 |     3 ||     5
       Trog's Hand       |       |       |     1 |     2 ||     3
       Brothers in Arms  |       |       |       |     1 ||     1
Evoke: Wand              |       |       |       |     3 ||     3
  Use: Scroll            |       |       |    14 |     9 ||    23
 Stab: Distracted        |       |       |       |     1 ||     1
Armor: Leather armour    |     6 |       |       |       ||     6
       Animal skin       |     1 |       |       |       ||     1
       Scale mail        |       |    11 |       |       ||    11
       Chain mail        |       |    44 |    13 |    54 ||   111
       Plate armour      |       |       |    68 |   121 ||   189
Dodge: Dodged            |    38 |    55 |    64 |   126 ||   283
